Workbook

Sheet PRESUPUESTO
B3: PROYECTO: ADECUACION DE LABORATORIO DE SALUD PUBLICA DEPARTAMENTA | D3: FECHA: MARZO 2020
B4: LUGAR:Calle 75 # 72-140 - Barranquilla, Atlántico
B5: DESCRIPCION | D5: CANTIDADADES CONTRACTURALES
H7: CANTIDAD EJECUTADA
B8: ITEM | C8: ACTIVIDAD | D8: UNID | E8: CANTIDAD | F8: VALOR UNITARIO | G8: VALOR PARCIAL
B9: 1 | C9: PRELIMINARES | G9: =SUM(G10:G15) -> 1541176.3
B10: 1.1 | C10: DEMOLICIONES EN MAMPOSTERIA CON RETIRO | D10: M3 | E10: 1 | F10: ='PRELIMINARES '!G39 -> 56829.707 | G10: =E10*F10 -> 56829.707 | H10: 1
B11: 1.2 | C11: E - DESMONTE Y RETIRO PUNTO ELÉCTRICO DE LÁMPARA O TOMACORRIENTE INCLUIDO ALAMBRADO | D11: UN | E11: 25 | F11: ='PRELIMINARES '!G87 -> 9145.6129 | G11: =E11*F11 -> 228640.32 | H11: =+'PARTE ELECTRICA'!J2 -> 25
B12: 1.3 | C12: DEMOLICIÓN DE ENCHAPE SOBRE MURO DE MAMPOSTERÍA Y RETIRO DE MATERIAL | D12: M2 | E12: 76.77 | F12: ='PRELIMINARES '!G138 -> 11395.613 | G12: =E12*F12 -> 874841.2 | H12: =+CANTIDADES!W25 -> 76.77
B13: 1.4 | C13: DESMONTE DE CIELO RASO Y ESTRUCTURA | D13: M2 | E13: 9.6768 | F13: ='PRELIMINARES '!G186 -> 17100 | G13: =E13*F13 -> 165473.28 | H13: =+CANTIDADES!AA7 -> 9.6768
B14: 1.5 | C14: DESMONTE DE PUERTAS Y VENTANAS (INC. MARCOS) | D14: UN | E14: 4 | F14: ='PRELIMINARES '!G235 -> 24740.945 | G14: =E14*F14 -> 98963.782 | H14: 4
B15: 1.6 | C15: DESMONTE CIERRA PUERTAS DE PISO PARA PUERTA DE VIDRIO | D15: UN | E15: 4 | F15: ='PRELIMINARES '!G284 -> 29106.995 | G15: =E15*F15 -> 116427.98 | H15: 4
B16: 2 | C16: MAMPOSTERIA, PLANTILLAS, PAÑETES E IMPERMEABILIZACIONES | G16: =SUM(G17:G20) -> 2155711.9
B17: 2.1 | C17: LEVANTE DE MURO EN BLOCK DE ARCILLA 33 x 23 x 11,5 cm | D17: M2 | E17: 1 | F17: ='MAMPOSTERIA, PLANTILLAS, PAÑETE'!G39 -> 69500 | G17: =E17*F17 -> 69500 | H17: 1
B18: 2.2 | C18: PAÑETE ALLANADO MUROS 1:4 | D18: M2 | E18: 76.77 | F18: ='MAMPOSTERIA, PLANTILLAS, PAÑETE'!G86 -> 19000 | G18: =E18*F18 -> 1458630 | H18: =+CANTIDADES!W25 -> 76.77
B19: 2.3 | C19: FILOS EN MORTERO 1:4 | D19: ML | E19: 13.6 | F19: ='MAMPOSTERIA, PLANTILLAS, PAÑETE'!G182 -> 7319.82 | G19: =E19*F19 -> 99549.553 | H19: =+CANTIDADES!AO12 -> 13.6
B20: 2.4 | C20: PLANTILLA EN CONCRETO DE 2500 PSI DE 10 CM DE ESPESOR | D20: M2 | E20: 8.64 | F20: ='MAMPOSTERIA, PLANTILLAS, PAÑETE'!G135 -> 61114.854 | G20: =E20*F20 -> 528032.34 | H20: =7.2*1.2 -> 8.64
B21: 3 | C21: INSTALACIONES HIDROSANITARIA | G21: =SUM(G22:G26) -> 1899900.4
B22: 3.1 | C22: PUNTO SANITARIO EN PVC. DE DIÁMETRO 2" | D22: UN | E22: 4 | F22: ='REDES HIDROSANITARIAS'!G39 -> 68724.5 | G22: =E22*F22 -> 274898 | H22: 4
B23: 3.2 | C23: SUMINISTRO E INSTALACIÓN DE TUBERÍA DE AGUA POTABLE EN PVC DE 1/2" | D23: ML | E23: 4 | F23: ='REDES HIDROSANITARIAS'!G138 -> 7223.2694 | G23: =E23*F23 -> 28893.078 | H23: 4
B24: 3.3 | C24: LAVAMANOS EN ACERO INOXIDABLE 60X40 CM CON GRIFERIA EN ACERO INOXIDABLE | D24: UN | E24: 2 | F24: ='REDES HIDROSANITARIAS'!G231 -> 702771.19 | G24: =E24*F24 -> 1405542.4 | H24: 2
B25: 3.4 | C25: PUNTO DE AGUA POTABLE EN PVC. DE 1/2" | D25: UN | E25: 3 | F25: ='REDES HIDROSANITARIAS'!G91 -> 43643.295 | G25: =E25*F25 -> 130929.88 | H25: 3
B26: 3.5 | C26: SUMINISTRO E INSTALACIÓN DE TUBERÍA DE SANITARIA EN PVC, DIÁMETRO DE 2" | D26: ML | E26: 4 | F26: ='REDES HIDROSANITARIAS'!G183 -> 14909.265 | G26: =E26*F26 -> 59637.06 | H26: 4
B27: 4 | C27: PISOS Y ACABADOS | G27: =SUM(G28:G31) -> 10911561
B28: 4.1 | C28: SUMINISTRO E INSTALACIÓN DE CIELO RASO EN DRYWALL TOTALMENTE ACABADO | D28: M2 | E28: 51.1755 | F28: ='PISOS Y ACABADOS'!G41 -> 47083.333 | G28: =E28*F28 -> 2409513.1 | H28: =+CANTIDADES!M16+CANTIDADES!AE5 -> 51.1755
B29: 4.2 | C29: ESTUCADO EN YESO | D29: M2 | E29: 210.263 | F29: ='PISOS Y ACABADOS'!G90 -> 10290.698 | G29: =E29*F29 -> 2163753.1 | H29: =+CANTIDADES!Q53 -> 210.263
B30: 4.3 | C30: PINTURA EN VINILO PARA MURO INTERIOR, A TRES MANOS TIPO VINILTEX | D30: M2 | E30: 389.9493 | F30: ='PISOS Y ACABADOS'!G138 -> 12234.03 | G30: =E30*F30 -> 4770651.6 | H30: =+CANTIDADES!H121 -> 389.9493
B31: 4.4 | C31: PINTURA EPOXICA LAVABLE PARA MURO INTERIOR Y CIELO RASO, COLOR BLANCO A 2 MANOS | D31: M2 | E31: 110.1822 | F31: ='PISOS Y ACABADOS'!G187 -> 14227.737 | G31: =E31*F31 -> 1567643.4 | H31: =+CANTIDADES!D41 -> 110.1822
B32: 5 | C32: INSTALACIONES ELECTRICAS | G32: =SUM(G33:G36) -> 8504208.7
B33: 5.1 | C33: SALIDA PARA LUCES 110 V. INCLUYE LAMPARA LED DECORATIVA 24 VATIOS | D33: UN | E33: 30 | F33: ='INSTALACIONES ELECTRICAS'!G40 -> 147250 | G33: =E33*F33 -> 4417500 | H33: =+'PARTE ELECTRICA'!J3 -> 30
B34: 5.2 | C34: SALIDA PARA TOMACORRIENTE DOBLE INCLUYE TOMACORRIENTE DOBLE DE 15 AMP Y 127V | D34: UN | E34: 21 | F34: ='INSTALACIONES ELECTRICAS'!G134 -> 81678.952 | G34: =E34*F34 -> 1715258 | H34: =+'PARTE ELECTRICA'!J7 -> 21
B35: 5.3 | C35: ACOMETIDA ELECTRICA GENERAL, EN ALAMBRE DE COBRE 2 X NO. 10 + NO. 12 , | D35: ML | E35: 100 | F35: ='INSTALACIONES ELECTRICAS'!G176 -> 23714.507 | G35: =E35*F35 -> 2371450.7 | H35: 100
B36: 5.4 | C36: TABLERO PARA EMPOTRAR CON ESPACIO PARA 4 CIRCUITOS INCLUYE PUERTA Y CHAPA PLASTICA, CERRADURA Y LLAVE Y ESPACIO PARA MONTAR TOTALIZADOR INCLUYE 4 CORTACIRCUITOS TERMOMAGNETICOS AUOMATICOS MONOPOLARES DE 30 AMPERIOS, 10 KA A 120 /240 V PUESTA A TIERRA | D36: UND | E36: 0 | F36: ='INSTALACIONES ELECTRICAS'!G224 -> 430919.08 | G36: =E36*F36 -> 0 | H36: 0
B37: 6 | C37: CARPINTERIA EN MADERA Y ACERO INAXIDABLE | G37: =+SUM(G38:G44) -> 9903500
B38: 6.1 | C38: PUERTA CORREDIZA EN ALUMINIO BLANCO 744 +VIDRIO DE 5MM 100CM X 206 CM | D38: UND | E38: 1 | F38: =+ADICIONALES!G341 -> 878500 | G38: =E38*F38 -> 878500 | H38: 1
B39: 6.2 | C39: PUERTA Y MARCO EN ALUMINIO BLANCO 744 CON CERRADURA Y VIDRIO 5MM 100CM X 206 CM | D39: UND | E39: 1 | F39: =+ADICIONALES!G386 -> 918500 | G39: =E39*F39 -> 918500 | H39: 1
B40: 6.3 | C40: MESON EN ACERO INOXIDABLE EN L CON UN ENTREPAÑO INFERIOR , DE 90 CM DE ALTURA, 60 CM DE ANCHO Y 485CM DE LARGO. | D40: UND | E40: 1 | F40: =+ADICIONALES!G430 -> 4138000 | G40: =E40*F40 -> 4138000 | H40: 1
B41: 6.4 | C41: ENTREPAÑO EN ACERO INOXIDABLE DE 60CM DE ANCHO Y 2,2 CM DE LARGO | D41: UND | E41: 1 | F41: =+ADICIONALES!G474 -> 992500 | G41: =E41*F41 -> 992500 | H41: 1
B42: 6.5 | C42: ENTRPAÑO EN ACERO INOXIDABLE DE 60CM DE ANCHO Y 218CM | D42: UND | E42: 1 | F42: =+ADICIONALES!G519 -> 929500 | G42: =E42*F42 -> 929500 | H42: 1
B43: 6.6 | C43: CAJA PASAMURO DE 50X30X50 EN ACERO INOXIDABLE DOBLE PUERTA | D43: UND | E43: 1 | F43: =+ADICIONALES!G563 -> 1092500 | G43: =E43*F43 -> 1092500 | H43: 1
B44: 6.7 | C44: CAJA PASAMURO DE 30X30X40 EN ACERO INOXIDABLE DOBLE PUERTA | D44: UND | E44: 1 | F44: =+ADICIONALES!G650 -> 954000 | G44: =E44*F44 -> 954000 | H44: 1
B45: 7 | C45: ADICIONALES | G45: =+SUM(G46:G59) -> 26966067
B46: 7.1 | C46: AIRE MINISPLIT DE 12000 BTU | D46: UND | E46: 5 | F46: =ADICIONALES!G47 -> 2475055.1 | G46: =E46*F46 -> 12375276 | H46: 5
B47: 7.2 | C47: AIRE MINISPLIT DE 24000 BTU | D47: UND | E47: 1 | F47: =ADICIONALES!G159 -> 4669005.1 | G47: =E47*F47 -> 4669005.1 | H47: 1
B48: 7.3 | C48: SUMINISTRO E INSTALACION DE CIERRA PUERTA DE PISO PARA PUERTA EN VIDRIO CON NIVELACION DE PUERTA | D48: UND | E48: 4 | F48: =+ADICIONALES!G694 -> 717940 | G48: =E48*F48 -> 2871760 | H48: 4
B49: 7.4 | C49: AIRE MINISPLIT DE 18000 BTU | D49: UND | E49: 1 | F49: =ADICIONALES!G103 -> 3209005.1 | G49: =E49*F49 -> 3209005.1 | H49: 1
B50: 7.5 | C50: LLAVE TERMINAL DE Ø1/2" | D50: UND | E50: 1 | F50: =+ADICIONALES!G295 -> 76543.5 | G50: =E50*F50 -> 76543.5 | H50: 1
B51: 7.6 | C51: LIMPIEZA Y REPARACION DE REGISTRO | D51: M2 | E51: 1 | F51: =+ADICIONALES!G205 -> 1782.4364 | G51: =E51*F51 -> 1782.4364 | H51: 1
B52: 7.7 | C52: SUMNISITRO E INSTALACION DE GRIFERIA ZONA VIROLOGIA | D52: UND | E52: 1 | F52: =+ADICIONALES!G739 -> 94000 | G52: =E52*F52 -> 94000 | H52: 1
B53: 7.8 | C53: TABLERO PARA EMPOTRAR CON ESPACIO PARA 12 CIRCUITOS INCLUYE PUERTA Y CHAPA PLASTICA, CERRADURA Y LLAVE Y ESPACIO PARA MONTAR TOTALIZADOR INCLUYE 12 CORTACIRCUITOS TERMOMAGNETICOS AUOMATICOS MONOPOLARES DE 30 AMPERIOS, 10 KA A 120 /240 V PUESTA A TIERRA | D53: UND | E53: 2 | F53: =+'INSTALACIONES ELECTRICAS'!G224 -> 430919.08 | G53: =E53*F53 -> 861838.16 | H53: =+'PARTE ELECTRICA'!J8 -> 2
B54: 7.9 | C54: SUMNISTRO E INSTACION DE LAMPARAS LED DE 24 V, incluye interruptor | D54: UND | E54: 4 | F54: =+'INSTALACIONES ELECTRICAS'!G40 -> 147250 | G54: =E54*F54 -> 589000 | H54: =+'PARTE ELECTRICA'!J4 -> 4
B55: 7.10 | C55: SALIDA PARA ILUMINACION SIMPLE 15 AMP Y 127V INCLUYE INTERRUPTOR DOBLE CAJA RECTANGULAR EN TERMOPLASTICO DIELECTRICO, CON CONEXIÓN A RED DE PUESTA A TIERRA EN VARILLA COPERWEEILL Y ALAMBRE COBRE VESTIDO, Nº 12 | D55: UND | E55: 2 | F55: =+'INSTALACIONES ELECTRICAS'!G88 -> 75385.22 | G55: =E55*F55 -> 150770.44 | H55: 2
B56: 7.11 | C56: SALIDA PARA TOMACORRIENTE DOBLE 220 V | D56: UND | E56: 4 | F56: =+'INSTALACIONES ELECTRICAS'!G134 -> 81678.952 | G56: =E56*F56 -> 326715.81 | H56: =+'PARTE ELECTRICA'!J5 -> 4
B57: 7.12 | C57: ACOMETIDA ELECTRICA EN CABLE No. 8 | D57: ML | E57: 40 | F57: =+'INSTALACIONES ELECTRICAS'!G176 -> 23714.507 | G57: =E57*F57 -> 948580.28 | H57: =+'PARTE ELECTRICA'!J9 -> 40
B58: 7.13 | C58: CAJA EN DRYWALL PARA DUCTERIA Y DESAGUES DE AIRE ACONDICIONADO | D58: ML | E58: 20.9 | F58: =+ADICIONALES!G251 -> 26832.058 | G58: =E58*F58 -> 560790.01 | H58: =+CANTIDADES!AI9 -> 20.9
B59: 7.14 | C59: SUMINISTRO E INSTALCION DE POLARIZADO PARA PUERTAS Y VENTANAS | D59: M2 | E59: 6 | F59: =+ADICIONALES!G783 -> 38500 | G59: =E59*F59 -> 231000 | H59: 6
B60: COSTO DIRECTO | G60: =+G45+G37+G32+G27+G21+G16+G9 -> 61882125
B61: ADMINISTRACION | D61: 0.21 | G61: =+$G$60*D61 -> 12995246
B62: IMPREVISTO | D62: 0.02 | G62: =+$G$60*D62 -> 1237642.5
B63: UTILIDAD | D63: 0.07 | G63: =+$G$60*D63 -> 4331748.8
B64: COSTO TOTAL | G64: =+SUM(G60:G63) -> 80446763

Sheet PRELIMINARES 
A1: REPUBLICA DE COLOMBIA
A2: GOBERNACION DEL ATLANTICO | D2: ANÁLISIS DE PRECIOS UNITARIOS
A5: OBRA: | F5: ESPECIFICACIÓN:
A6: ITEM: DEMOLICION MANUAL DE MUROS EN LADRILLO, BORDILLOS, CIMIENTOS Y ANDENES Y RETIRO DE MATERIA | F6: UNIDAD : | G6: M2
A8: I. EQUIPO
A9: Descripción | C9: Unidad | D9: Cantidad | E9: Valor-Unit. | F9: Valor-Total
A10: HERRAMIENTAS MENORES | C10: % S/M.0 | D10: 0.05 | E10: =D10*G37 -> 1088.7634 | F10: =+E10*D10 -> 54.438172
F17: Sub-Total | G17: =SUM(F10:F16) -> 54.438172
A18: II. MATERIALES EN OBRA
A19: Descripción | C19: Unidad | D19: Precio-Unit. | E19: Cantidad | F19: Valor-Unit.
F24: Sub-Total | G24: =SUM(F20:F23) -> 0
A25: III. TRANSPORTES
A26: Material | B26: Vol. Peso ó Cant. | C26: Distancia | D26: M3-Km | E26: Tarifa | F26: Valor-Unit.
A27: Escombros | B27: 1000 | C27: 20 | D27: =B27/C27 -> 50 | E27: 700 | F27: =+E27*D27 -> 35000
F30: Sub-Total | G30: =SUM(F27:F29) -> 35000
A31: IV. MANO DE OBRA
A32: Trabajador | B32: Unidad | C32: Cantidad | D32: V. Unitario. | E32: Rendimiento/dia | F32: Valor-Unit.
A33: CUADRILLA TIPO AA | B33: HH | C33: 1 | D33: 21775.269 | E33: =1/C33*8 -> 8 | F33: =+D33*C33 -> 21775.269
F37: Sub-Total | G37: =SUM(F33:F36) -> 21775.269
D39: Total Costo Directo | G39: =G17+G24+G30+G37 -> 56829.707
A40: V. COSTOS INDIRECTOS
A41: Descripción | E41: Porcentaje | F41: Valor Total
A42: ADMINISTRACION | E42: 0.24 | F42: =++E42*G39 -> 13639.13
A43: IMPREVISTOS | E43: 0.03 | F43: =+E43*G39 -> 1704.8912
A44: UTILIDAD | E44: 0.05 | F44: =+E44*G39 -> 2841.4853
F45: Sub-Total | G45: =SUM(F42:F44) -> 18185.506
C47: Precio unitario total aproximado al peso | G47: =ROUND((G39+G45),0) -> 75015
A49: REPUBLICA DE COLOMBIA
A50: GOBERNACION DEL ATLANTICO | D50: ANÁLISIS DE PRECIOS UNITARIOS
A53: OBRA: | F53: ESPECIFICACIÓN:
A54: ITEM: E - Desmonte Y Retiro Punto Eléctrico De Lámpara O Tomacorriente Incluido Alambrado | F54: UNIDAD : | G54: UND
A56: I. EQUIPO
A57: Descripción | C57: Unidad | D57: Cantidad | E57: Valor-Unit. | F57: Valor-Total
A58: HERRAMIENTAS MENORES | C58: % S/M.0 | D58: 0.05 | E58: =G85 -> 8710.1075 | F58: =D58*E58 -> 435.50538
F65: Sub-Total | G65: =SUM(F58:F64) -> 435.50538
A66: II. MATERIALES EN OBRA
A67: Descripción | C67: Unidad | D67: Precio-Unit. | E67: Cantidad | F67: Valor-Unit.
F72: Sub-Total | G72: =SUM(F68:F71) -> 0
A73: III. TRANSPORTES
A74: Material | B74: Vol. Peso ó Cant. | C74: Distancia | D74: M3-Km | E74: Tarifa | F74: Valor-Unit.
F78: Sub-Total | G78: =SUM(F75:F77) -> 0
A79: IV. MANO DE OBRA
A80: Trabajador | B80: Unidad | C80: Cantidad | D80: V. Unitario. | E80: Rendimiento/dia | F80: Valor-Unit.
A81: CUADRILLA TIPO AA | B81: HH | C81: 0.4 | D81: 21775.269 | E81: =1/C81*8 -> 20 | F81: =+D81*C81 -> 8710.1075
F85: Sub-Total | G85: =SUM(F81:F84) -> 8710.1075
D87: Total Costo Directo | G87: =G65+G72+G78+G85 -> 9145.6129
A88: V. COSTOS INDIRECTOS
A89: Descripción | E89: Porcentaje | F89: Valor Total
A90: ADMINISTRACION | E90: 0.24 | F90: =++E90*G87 -> 2194.9471
A91: IMPREVISTOS | E91: 0.03 | F91: =+E91*G87 -> 274.36839
A92: UTILIDAD | E92: 0.05 | F92: =+E92*G87 -> 457.28065
F93: Sub-Total | G93: =SUM(F90:F92) -> 2926.5961
C95: Precio unitario total aproximado al peso | G95: =ROUND((G87+G93),0) -> 12072
A97: REPUBLICA DE COLOMBIA
A98: GOBERNACION DEL ATLANTICO | D98: ANÁLISIS DE PRECIOS UNITARIOS
A101: OBRA: | F101: ESPECIFICACIÓN:
A102: ITEM: | F102: UNIDAD : | G102: M2
A103: DEMOLICIÓN DE ENCHAPE SOBRE MURO DE MAMPOSTERÍA Y RETIRO DE MATERIAL
A104: I. EQUIPO
A105: Descripción | C105: Unidad | D105: Tarifa/Hr | E105: Rendimiento | F105: Valor-Total
A106: HERRAMIENTAS MENORES | C106: % S/M.0 | D106: 8710.1075 | E106: 0.05 | F106: 435.50538
F112: Sub-Total | G112: =SUM(F106:F111) -> 435.50538
A113: II. MATERIALES EN OBRA
A114: Descripción | C114: Unidad | D114: Precio-Unit. | E114: Cantidad | F114: Valor-Unit.
F123: Sub-Total | G123: =SUM(F115:F122) -> 0
A124: III. TRANSPORTES
A125: Material | B125: Vol. Peso ó Cant. | C125: Distancia | D125: M3-Km | E125: Tarifa | F125: Valor-Unit.
A126: OBRA®- DISPOCION FINAL | B126: 0.1 | C126: 15 | D126: 1500 | E126: =B126*C126*D126 -> 2250 | F126: =E126 -> 2250
F129: Sub-Total | G129: =F126 -> 2250
A130: IV. MANO DE OBRA
A131: Trabajador | B131: Unidad | C131: Cantidad | D131: V. Unitario. | E131: Rendimiento/dia | F131: Valor-Unit.
A132: CUADRILLA TIPO AA | B132: HH | C132: 0.4 | D132: 21775.269 | E132: 20 | F132: =C132*D132 -> 8710.1075
F136: Sub-Total | G136: =SUM(F132:F135) -> 8710.1075
D138: Total Costo Directo | G138: =G112+G123+G129+G136 -> 11395.613
A139: V. COSTOS INDIRECTOS
A140: Descripción | E140: Porcentaje | F140: Valor Total
A141: ADMINISTRACION | E141: 0.24 | F141: =++E141*G138 -> 2734.9471
A142: IMPREVISTOS | E142: 0.03 | F142: =+E142*G138 -> 341.86839
A143: UTILIDAD | E143: 0.05 | F143: =+E143*G138 -> 569.78065
F144: Sub-Total | G144: =SUM(F141:F143) -> 3646.5961
C146: Precio unitario total aproximado al peso | G146: =ROUND((G138+G144),0) -> 15042
A148: REPUBLICA DE COLOMBIA
A149: GOBERNACION DEL ATLANTICO | D149: ANÁLISIS DE PRECIOS UNITARIOS
A152: OBRA: | F152: ESPECIFICACIÓN:
A153: ITEM | F153: UNIDAD : | G153: M2
A154: Desmonte De Muro Y Cielo Raso, Incluye Estructura En Mal Estado Y Retiro De Material
A155: I. EQUIPO
A156: Descripción | C156: Unidad | D156: Cantidad | E156: Valor-Unit. | F156: Valor-Total
A157: VOLQUETA DE 6M3 | C157: Hr | D157: 0.04 | E157: 90000 | F157: =+E157*D157 -> 3600
A158: HERRAMIENTAS MENORES | C158: % S/M.0 | D158: 0.05 | E158: =+G184 -> 11428.571 | F158: =+E158*D158 -> 571.42857
F164: Sub-Total | G164: =SUM(F157:F163) -> 4171.4286
A165: II. MATERIALES EN OBRA
A166: Descripción | C166: Unidad | D166: Precio-Unit. | E166: Cantidad | F166: Valor-Unit.
F171: Sub-Total | G171: =SUM(F167:F170) -> 0
A172: III. TRANSPORTES
A173: Material | B173: Vol. Peso ó Cant. | C173: Distancia | D173: M3-Km | E173: Tarifa | F173: Valor-Unit.
A174: Obras - Disposicion Final | B174: 0.25 | C174: 5 | D174: 1200 | E174: 1500 | F174: 1500
F177: Sub-Total | G177: =SUM(F174:F176) -> 1500
A178: IV. MANO DE OBRA
A179: Trabajador | B179: Unidad | C179: Cantidad | D179: V. Unitario. | E179: Rendimiento/dia | F179: Valor-Unit.
...

Sheet MAMPOSTERIA, PLANTILLAS, PAÑETE
A1: REPUBLICA DE COLOMBIA
A2: GOBERNACION DEL ATLANTICO | D2: ANÁLISIS DE PRECIOS UNITARIOS
A5: OBRA: | F5: ESPECIFICACIÓN:
A6: ITEM: | F6: UNIDAD : | G6: M2
A7: LEVANTE DE MURO EN BLOCK DE ARCILLA 33 x 23 x 11,5 cm
A8: I. EQUIPO
A9: Descripción | C9: Unidad | D9: Tarifa/Hr | E9: Rendimiento | F9: Valor-Total
A10: HERRAMIENTAS MENORES | C10: % S/M.0 | D10: =+G37 -> 15246.58 | E10: 0.05 | F10: =+E10*D10 -> 762.32898
F15: Sub-Total | G15: =SUM(F10:F14) -> 762.32898
A16: II. MATERIALES EN OBRA
A17: Descripción | C17: Unidad | D17: Precio-Unit. | E17: Cantidad | F17: Valor-Unit.
A18: LOCK DE ARCILLA 33 x 23 x 11,5 cm | C18: Unidad | D18: 1200 | E18: 17.5 | F18: =+E18*D18 -> 21000
A19: MORTERO DE PEGA 1:4 | C19: M3 | D19: 425080.52 | E19: 0.050278634 | F19: =+E19*D19 -> 21372.468
A20: DESPERDICIO | C20: % | D20: =SUM(F18:F19) -> 42372.468 | E20: 0.05 | F20: =+E20*D20 -> 2118.6234
F24: Sub-Total | G24: =SUM(F18:F23) -> 44491.091
A25: III. TRANSPORTES
A26: Material | B26: Vol. Peso ó Cant. | C26: Distancia | D26: M3-Km | E26: Tarifa | F26: Valor-Unit.
A27: FERRETERIA - OBRA® | B27: 0.5 | C27: 12 | D27: 1500 | E27: =+D27*C27*B27 -> 9000 | F27: =+E27 -> 9000
F30: Sub-Total | G30: =SUM(F27:F29) -> 9000
A31: IV. MANO DE OBRA
A32: Trabajador | B32: Unidad | C32: Cantidad | D32: V. Unitario. | E32: Rendimiento/dia | F32: Valor-Unit.
A33: CUADRILLA TIPO AA | B33: HH | C33: 0.55000212 | D33: 27720.947 | E33: =1/C33*8 -> 14.545399 | F33: =+C33*D33 -> 15246.58
F37: Sub-Total | G37: =SUM(F33:F36) -> 15246.58
D39: Total Costo Directo | G39: =G15+G24+G30+G37 -> 69500
A40: V. COSTOS INDIRECTOS
A41: Descripción | E41: Porcentaje | F41: Valor Total
A42: ADMINISTRACION | E42: 0.24 | F42: =++E42*G39 -> 16680
A43: IMPREVISTOS | E43: 0.03 | F43: =+E43*G39 -> 2085
A44: UTILIDAD | E44: 0.05 | F44: =+E44*G39 -> 3475
F45: Sub-Total | G45: =SUM(F42:F44) -> 22240
C47: Precio unitario total aproximado al peso | G47: =ROUND((G39+G45),0) -> 91740
A49: REPUBLICA DE COLOMBIA
A50: MUNICIPIO DE ATLANTICO | D50: ANÁLISIS DE PRECIOS UNITARIOS
A53: OBRA: | F53: ESPECIFICACIÓN:
A54: ITEM: | F54: UNIDAD : | G54: M2
A55: PAÑETE ALLANADO MUROS 1:4
A56: I. EQUIPO
A57: Descripción | C57: Unidad | D57: Tarifa/Hr | E57: Rendimiento | F57: Valor-Total
A58: HERRAMIENTAS MENORES | C58: % S/M.0 | D58: =G84 -> 9022.1991 | E58: 0.05 | F58: =D58*E58 -> 451.10995
F64: Sub-Total | G64: =SUM(F58:F63) -> 451.10995
A65: II. MATERIALES EN OBRA
A66: DESCRIPCION | C66: Unidad | D66: Precio-Unit. | E66: Cantidad | F66: Valor-Unit.
A67: MORTERO 1:4 | C67: M3 | D67: 425080.52 | E67: 0.02 | F67: =D67*E67 -> 8501.6104
A68: DESPERDICIO | C68: % | D68: =F67 -> 8501.6104 | E68: 0.05 | F68: =D68*E68 -> 425.08052
F71: Sub-Total | G71: =SUM(F67:F70) -> 8926.691
A72: III. TRANSPORTES
A73: Material | B73: Vol. Peso ó Cant. | C73: Distancia | D73: M3-Km | E73: Tarifa | F73: Valor-Unit.
A74: FERRETERIA - OBRA® | B74: 0.1 | C74: 5 | D74: 1200 | E74: =B74*C74*D74 -> 600 | F74: =E74 -> 600
F77: Sub-Total | G77: =SUM(F74:F76) -> 600
A78: IV. MANO DE OBRA
A79: Trabajador | B79: Unidad | C79: Cantidad | D79: V. Unitario. | E79: Rendimiento/dia | F79: Valor-Unit.
A80: CUADRILLA TIPO AA | B80: HH | C80: 0.32546504 | D80: 27720.947 | E80: =1/C80*8 -> 24.580213 | F80: =C80*D80 -> 9022.1991
F84: Sub-Total | G84: =SUM(F80:F83) -> 9022.1991
D86: Total Costo Directo | G86: =G64+G71+G77+G84 -> 19000
A87: V. COSTOS INDIRECTOS
A88: Descripción | E88: Porcentaje | F88: Valor Total
A89: ADMINISTRACION | E89: 0.24 | F89: =++E89*G86 -> 4560
A90: IMPREVISTOS | E90: 0.03 | F90: =+E90*G86 -> 570
A91: UTILIDAD | E91: 0.05 | F91: =+E91*G86 -> 950
F92: Sub-Total | G92: =SUM(F89:F91) -> 6080
C94: Precio unitario total aproximado al peso | G94: =ROUND((G86+G92),0) -> 25080
A96: REPUBLICA DE COLOMBIA
A97: GOBERNACION DEL ATLANTICO | D97: ANÁLISIS DE PRECIOS UNITARIOS
A100: OBRA: | F100: ESPECIFICACIÓN:
A101: ITEM: | F101: UNIDAD : | G101: M2
A102: Plantilla De Piso En Mortero 1:4 Impermeabilizado E = 0.05 Mts
A103: I. EQUIPO
A104: Descripción | C104: Unidad | D104: Tarifa/Hr | E104: Rendimiento | F104: Valor-Total
A105: HERRAMIENTAS MENORES | C105: % S/M.0 | D105: =+G131 -> 5544.1894 | E105: 0.05 | F105: =+E105*D105 -> 277.20947
F110: Sub-Total | G110: =SUM(F105:F109) -> 277.20947
A111: II. MATERIALES EN OBRA
A112: DESCRIPCION | C112: Unidad | D112: Precio-Unit. | E112: Cantidad | F112: Valor-Unit.
A113: MORTERO 1:4 | C113: M3 | D113: 425080.52 | E113: =1*1*0.1 -> 0.1 | F113: =+E113*D113 -> 42508.052
A114: IMPERMEABILIZANTE SIKA-1 | C114: KG | D114: 14000 | E114: 0.4 | F114: =E114*D114 -> 5600
A115: CEMENTO GRIS | C115: KG | D115: 560 | E115: 1 | F115: =E115*D115 -> 560
A116: DESPERDICIO | C116: % | D116: =SUM(F113:F113) -> 42508.052 | E116: 0.05 | F116: =+E116*D116 -> 2125.4026
G118: =SUM(F113:F119) -> 50793.455
F120: Sub-Total
A121: III. TRANSPORTES
A122: Material | B122: Vol. Peso ó Cant. | C122: Distancia | D122: M3-Km | E122: Tarifa | F122: Valor-Unit.
A123: FERRETERIA - OBRA® | B123: 0.25 | C123: 12 | D123: 1500 | E123: =+D123*C123*B123 -> 4500 | F123: =+E123 -> 4500
G124: =SUM(F123:F125) -> 4500
F126: Sub-Total
A127: IV. MANO DE OBRA
A128: Trabajador | B128: Unidad | C128: Cantidad | D128: V. Unitario. | E128: Rendimiento/dia | F128: Valor-Unit.
A129: CUADRILLA TIPO AA | B129: HH | C129: 0.2 | D129: 27720.947 | E129: =1/C129*8 -> 40 | F129: =+C129*D129 -> 5544.1894
G131: =SUM(F129:F132) -> 5544.1894
F133: Sub-Total | G133: =G110+G118+G124+G131 -> 61114.854
D135: Total Costo Directo | G135: =G133 -> 61114.854
A136: V. COSTOS INDIRECTOS
A137: Descripción | E137: Porcentaje | F137: Valor Total
A138: ADMINISTRACION | E138: 0.24 | F138: =++E138*G135 -> 14667.565
A139: IMPREVISTOS | E139: 0.03 | F139: =+E139*G135 -> 1833.4456
A140: UTILIDAD | E140: 0.05 | F140: =+E140*G135 -> 3055.7427
F141: Sub-Total | G141: =SUM(F138:F140) -> 19556.753
C143: Precio unitario total aproximado al peso | G143: =ROUND((G135+G141),0) -> 80672
A145: REPUBLICA DE COLOMBIA
A146: GOBERNACION DEL ATLANTICO | D146: ANÁLISIS DE PRECIOS UNITARIOS
A149: OBRA: | F149: ESPECIFICACIÓN:
A150: ITEM: | F150: UNIDAD : | G150: ML
...

Sheet REDES HIDROSANITARIAS
A1: REPUBLICA DE COLOMBIA
A2: GOBERNACION DEL ATLANTICO | D2: ANÁLISIS DE PRECIOS UNITARIOS
A5: OBRA: | F5: ESPECIFICACIÓN:
A6: ITEM: | F6: UNIDAD : | G6: UNIDAD
A7: Punto Sanitario En Pvc. De Diámetro 2"
A8: I. EQUIPO
A9: Descripción | C9: Unidad | D9: Tarifa/Hr | E9: Rendimiento | F9: Valor-Total
A10: HERRAMIENTAS MENORES | C10: % S/M.0 | D10: =+G37 -> 36591.6 | E10: 0.05 | F10: =+E10*D10 -> 1829.58
F13: Sub-Total | G13: =SUM(F10:F12) -> 1829.58
A14: II. MATERIALES EN OBRA
A15: Descripción | C15: Unidad | D15: Precio-Unit. | E15: Cantidad | F15: Valor-Unit.
A16: TUBO SANITARIO PVC DE Ø2" | C16: ML | D16: =66900/6 -> 11150 | E16: 1.4 | F16: =+E16*D16 -> 15610
A17: SIFON (S) DE Ø2"SANIT PVC S/C | C17: Unidad | D17: 3200 | E17: 1 | F17: =+E17*D17 -> 3200
A18: CODO DE Ø2"SANIT PVC DE 45 C/C | C18: Unidad | D18: 3200 | E18: 1 | F18: =+E18*D18 -> 3200
A19: SOLDADURA 1/8 PVC | C19: 1/8GAL | D19: 54000 | E19: 0.073947443 | F19: =+E19*D19 -> 3993.1619
A20: DESPERDICIO | C20: % | D20: =SUM(F15:F19) -> 26003.162 | E20: 0.05 | F20: =+E20*D20 -> 1300.1581
F24: Sub-Total | G24: =SUM(F16:F23) -> 27303.32
A25: III. TRANSPORTES
A26: Material | B26: Vol. Peso ó Cant. | C26: Distancia | D26: M3-Km | E26: Tarifa | F26: Valor-Unit.
A27: FERRETERIA - OBRA® | B27: 0.5 | C27: 5 | D27: 1200 | E27: 3000 | F27: =+E27 -> 3000
A28: ACARREO 1
F30: Sub-Total | G30: =SUM(F27:F29) -> 3000
A31: IV. MANO DE OBRA
A32: Trabajador | B32: Unidad | C32: Cantidad | D32: V. Unitario. | E32: Rendimiento/dia | F32: Valor-Unit.
A33: CUADRILLA TIPO BB | B33: HH | C33: 1.2 | D33: 30493 | E33: =1/C33*8 -> 6.6666667 | F33: =+C33*D33 -> 36591.6
F37: Sub-Total | G37: =SUM(F33:F36) -> 36591.6
D39: Total Costo Directo | G39: =G13+G24+G30+G37 -> 68724.5
A40: V. COSTOS INDIRECTOS
A41: Descripción | E41: Porcentaje | F41: Valor Total
A42: ADMINISTRACION | E42: 0.24 | F42: =++E42*G39 -> 16493.88
A43: IMPREVISTOS | E43: 0.03 | F43: =+E43*G39 -> 2061.735
A44: UTILIDAD | E44: 0.05 | F44: =+E44*G39 -> 3436.225
F45: Sub-Total | G45: =SUM(F42:F44) -> 21991.84
C47: Precio unitario total aproximado al peso | G47: =ROUND((G39+G45),0) -> 90716
A49: REPUBLICA DE COLOMBIA
A50: GOBERNACION DEL ATLANTICO | D50: ANÁLISIS DE PRECIOS UNITARIOS
A53: OBRA: | F53: ESPECIFICACIÓN:
A54: ITEM: | F54: UNIDAD : | G54: UNIDAD
A55: PUNTO POTABLE PVC DE 1/2" RDE 21
A56: I. EQUIPO
A57: Descripción | C57: Unidad | D57: Tarifa/Hr | E57: Rendimiento | F57: Valor-Total
A58: HERRAMIENTAS MENORES | C58: % S/M.0 | D58: =+G89 -> 25919.086 | E58: 0.05 | F58: =+E58*D58 -> 1295.9543
F63: Sub-Total | G63: =SUM(F58:F62) -> 1295.9543
A64: II. MATERIALES EN OBRA
A65: Descripción | C65: Unidad | D65: Precio-Unit. | E65: Cantidad | F65: Valor-Unit.
A66: TUBO Ø 1/2" P.V.C. RDE 13.5 | C66: ML | D66: 3830 | E66: 2 | F66: =+E66*D66 -> 7660
A67: CODO 1/2" PVC DE 90º | C67: Unidad | D67: 300.44 | E67: 2 | F67: =+E67*D67 -> 600.88
A68: TEE PVC DE 1/2" | C68: Unidad | D68: 400 | E68: 1 | F68: =+E68*D68 -> 400
A69: ADAPTADOR MACHO 1/2" PVC ROSCADO | C69: Unidad | D69: 200 | E69: 1 | F69: =+E69*D69 -> 200
A70: SOLDADURA 1/8 PVC | C70: 1/8GAL | D70: 22500 | E70: 0.044600723 | F70: =+E70*D70 -> 1003.5163
A71: CINTA TEFLON 3/4 X 10 MTS | C71: Unidad | D71: 1345.5 | E71: 0.05 | F71: =+E71*D71 -> 67.275
A72: DESPERDICIO | C72: % | D72: =SUM(F66:F71) -> 9931.6713 | E72: 0.05 | F72: =+E72*D72 -> 496.58356
F76: Sub-Total | G76: =SUM(F66:F75) -> 10428.255
A77: III. TRANSPORTES
A78: Material | B78: Vol. Peso ó Cant. | C78: Distancia | D78: M3-Km | E78: Tarifa | F78: Valor-Unit.
A79: FERRETERIA - OBRA® | B79: 0.5 | C79: 8 | D79: 1500 | E79: =+D79*C79*B79 -> 6000 | F79: =+E79 -> 6000
A80: ACARREO 1
F82: Sub-Total | G82: =SUM(F79:F81) -> 6000
A83: IV. MANO DE OBRA
A84: Trabajador | B84: Unidad | C84: Cantidad | D84: V. Unitario. | E84: Rendimiento/dia | F84: Valor-Unit.
A85: CUADRILLA TIPO BB | B85: HH | C85: 0.85 | D85: 30493.042 | E85: =1/C85*8 -> 9.4117647 | F85: =+C85*D85 -> 25919.086
F89: Sub-Total | G89: =SUM(F85:F88) -> 25919.086
D91: Total Costo Directo | G91: =G63+G76+G82+G89 -> 43643.295
A92: V. COSTOS INDIRECTOS
A93: Descripción | E93: Porcentaje | F93: Valor Total
A94: ADMINISTRACION | E94: 0.24 | F94: =++E94*G91 -> 10474.391
A95: IMPREVISTOS | E95: 0.03 | F95: =+E95*G91 -> 1309.2988
A96: UTILIDAD | E96: 0.05 | F96: =+E96*G91 -> 2182.1647
F97: Sub-Total | G97: =SUM(F94:F96) -> 13965.854
C99: Precio unitario total aproximado al peso | G99: =ROUND((G91+G97),0) -> 57609
A101: REPUBLICA DE COLOMBIA
A102: GOBERNACION DEL ATLANTICO | D102: ANÁLISIS DE PRECIOS UNITARIOS
A105: OBRA: | F105: ESPECIFICACIÓN:
A106: ITEM: | F106: UNIDAD : | G106: UNIDAD
A107: SUMINISTRO E INSTALACIÓN DE TUBERÍA DE AGUA POTABLE EN PVC DE 1/2"
A108: I. EQUIPO
A109: Descripción | C109: Unidad | D109: Tarifa/Hr | E109: Rendimiento | F109: Valor-Total
A110: HERRAMIENTAS MENORES | C110: % S/M.0 | D110: =+G136 -> 3049.3042 | E110: 0.05 | F110: =+E110*D110 -> 152.46521
F115: Sub-Total | G115: =SUM(F110:F114) -> 152.46521
A116: II. MATERIALES EN OBRA
A117: Descripción | C117: Unidad | D117: Precio-Unit. | E117: Cantidad | F117: Valor-Unit.
A118: TUBO Ø 1/2" P.V.C. RDE 13.5 | C118: ML | D118: 3830 | E118: 1 | F118: =+E118*D118 -> 3830
A119: DESPERDICIO | C119: % | D119: =SUM(F118:F118) -> 3830 | E119: 0.05 | F119: =+E119*D119 -> 191.5
F123: Sub-Total | G123: =SUM(F118:F122) -> 4021.5
A124: III. TRANSPORTES
A125: Material | B125: Vol. Peso ó Cant. | C125: Distancia | D125: M3-Km | E125: Tarifa | F125: Valor-Unit.
F129: Sub-Total | G129: =SUM(F126:F128) -> 0
A130: IV. MANO DE OBRA
A131: Trabajador | B131: Unidad | C131: Cantidad | D131: V. Unitario. | E131: Rendimiento/dia | F131: Valor-Unit.
A132: CUADRILLA TIPO BB | B132: HH | C132: 0.1 | D132: 30493.042 | E132: =1/C132*8 -> 80 | F132: =+C132*D132 -> 3049.3042
F136: Sub-Total | G136: =SUM(F132:F135) -> 3049.3042
D138: Total Costo Directo | G138: =G115+G123+G129+G136 -> 7223.2694
A139: V. COSTOS INDIRECTOS
A140: Descripción | E140: Porcentaje | F140: Valor Total
A141: ADMINISTRACION | E141: 0.24 | F141: =++E141*G138 -> 1733.5847
A142: IMPREVISTOS | E142: 0.03 | F142: =+E142*G138 -> 216.69808
A143: UTILIDAD | E143: 0.05 | F143: =+E143*G138 -> 361.16347
F144: Sub-Total | G144: =SUM(F141:F143) -> 2311.4462
C146: Precio unitario total aproximado al peso | G146: =ROUND((G138+G144),0) -> 9535
A148: REPUBLICA DE COLOMBIA
...

Sheet PISOS Y ACABADOS
A1: REPUBLICA DE COLOMBIA
A2: GOBERNACION DEL ATLANTICO | D2: ANÁLISIS DE PRECIOS UNITARIOS
A5: OBRA: | F5: ESPECIFICACIÓN:
A6: ITEM: | F6: UNIDAD : | G6: M2
A7: SUMINISTRO E INSTALACIÓN DE CIELO RASO EN DRYWALL
A8: I. EQUIPO
A9: Descripción | C9: Unidad | D9: Tarifa/Hr | E9: Rendimiento | F9: Valor-Total
A10: HERRAMIENTAS MENORES | C10: % S/M.0 | D10: =+G39 -> 9183.1984 | E10: 0.05 | F10: =+E10*D10 -> 459.15992
F14: Sub-Total | G14: =SUM(F10:F13) -> 459.15992
A15: II. MATERIALES EN OBRA
A16: DESCRIPCION | C16: Unidad | D16: Precio-Unit. | E16: Cantidad | F16: Valor-Unit.
A17: Angulo | C17: Unidad | D17: 4917 | E17: 1 | F17: =+E17*D17 -> 4917
A18: Omega | C18: unidad | D18: 5800 | E18: 1 | F18: =+E18*D18 -> 5800
A19: Cinta malla 20 ml | C19: rollo | D19: 2900 | E19: 0.4 | F19: =+E19*D19 -> 1160
A20: Masilla topex | C20: rollo | D20: 11800 | E20: 0.05 | F20: =+E20*D20 -> 590
A21: Lamina yeso-carton | C21: Unidad | D21: 25000 | E21: 0.33333333 | F21: =+E21*D21 -> 8333.3333
A22: Tornillos autoperforantes | C22: Unidad | D22: 60 | E22: 100 | F22: =+E22*D22 -> 6000
A23: Vinilo | C23: Gal | D23: 110000 | E23: 0.052 | F23: =+E23*D23 -> 5720
A24: DESPERDICIO | D24: =+(SUM(D17:D22)/6) -> 8412.8333 | E24: 0.05 | F24: =+E24*D24 -> 420.64167
G26: =SUM(F17:F26) -> 32940.975
F27: Sub-Total
A28: III. TRANSPORTES
A29: Material | B29: Vol. Peso ó Cant. | C29: Distancia | D29: M3-Km | E29: Tarifa | F29: Valor-Unit.
A30: FERRETERIA - OBRA® | B30: 0.25 | C30: 12 | D30: 1500 | E30: =+D30*C30*B30 -> 4500 | F30: =+E30 -> 4500
G32: =SUM(F30:F32) -> 4500
F33: Sub-Total
A34: IV. MANO DE OBRA
A35: Trabajador | B35: Unidad | C35: Cantidad | D35: V. Unitario. | E35: Rendimiento/dia | F35: Valor-Unit.
A36: CUADRILLA TIPO AA | B36: HH | C36: 0.33127289 | D36: 27720.947 | E36: =1/C36*8 -> 24.149274 | F36: =+C36*D36 -> 9183.1984
G39: =SUM(F36:F39) -> 9183.1984
F40: Sub-Total
G41: =G14+G26+G32+G39 -> 47083.333
A42: V. COSTOS INDIRECTOS
A43: Descripción | E43: Porcentaje | F43: Valor Total
A44: ADMINISTRACION | E44: 0.24 | F44: =++E44*G41 -> 11300
A45: IMPREVISTOS | E45: 0.03 | F45: =+E45*G41 -> 1412.5
A46: UTILIDAD | E46: 0.05 | F46: =+E46*G41 -> 2354.1667
F47: Sub-Total | G47: =SUM(F44:F46) -> 15066.667
C49: Precio unitario total aproximado al peso | G49: =ROUND((G41+G47),0) -> 62150
A51: REPUBLICA DE COLOMBIA
A52: GOBERNACION DEL ATLANTICO | D52: ANÁLISIS DE PRECIOS UNITARIOS
A55: OBRA: | F55: ESPECIFICACIÓN:
A56: ITEM: | F56: UNIDAD : | G56: M2
A57: ESTUCADO EN YESO
A58: I. EQUIPO
A59: Descripción | C59: Unidad | D59: Tarifa/Hr | E59: Rendimiento | F59: Valor-Total
A60: HERRAMIENTAS MENORES | C60: % S/M.0 | D60: =+G88 -> 5542.303 | E60: 0.05 | F60: =+E60*D60 -> 277.11515
F64: Sub-Total | G64: =SUM(F60:F63) -> 277.11515
A65: II. MATERIALES EN OBRA
A66: DESCRIPCION | C66: Unidad | D66: Precio-Unit. | E66: Cantidad | F66: Valor-Unit.
A67: Yeso | C67: Kg | D67: 1106.3 | E67: 3 | F67: =+E67*D67 -> 3318.9
A68: Caolin | C68: Kg | D68: 735.54 | E68: 1 | F68: =+E68*D68 -> 735.54
A69: Cemento gris | C69: Kg | D69: 560 | E69: 0.5 | F69: =+E69*D69 -> 280
A70: DESPERDICIO | C70: % | D70: 1236.8 | E70: 0.05 | F70: =+E70*D70 -> 61.84
F75: Sub-Total | G75: =SUM(F67:F74) -> 4396.28
A76: III. TRANSPORTES
A77: Material | B77: Vol. Peso ó Cant. | C77: Distancia | D77: M3-Km | E77: Tarifa | F77: Valor-Unit.
A78: FERRETERIA - OBRA® | B78: 0.01 | C78: 5 | D78: 1500 | E78: =+D78*C78*B78 -> 75 | F78: =+E78 -> 75
F81: Sub-Total | G81: =SUM(F78:F80) -> 75
A82: IV. MANO DE OBRA
A83: Trabajador | B83: Unidad | C83: Cantidad | D83: V. Unitario. | E83: Rendimiento/dia | F83: Valor-Unit.
A84: CUADRILLA TIPO AA | B84: HH | C84: 0.19993195 | D84: 27720.947 | E84: =1/C84*8 -> 40.013615 | F84: =+C84*D84 -> 5542.303
F88: Sub-Total | G88: =SUM(F84:F87) -> 5542.303
D90: Total Costo Directo | G90: =G64+G75+G81+G88 -> 10290.698
A91: V. COSTOS INDIRECTOS
A92: Descripción | E92: Porcentaje | F92: Valor Total
A93: ADMINISTRACION | E93: 0.24 | F93: =++E93*G90 -> 2469.7676
A94: IMPREVISTOS | E94: 0.03 | F94: =+E94*G90 -> 308.72095
A95: UTILIDAD | E95: 0.05 | F95: =+E95*G90 -> 514.53491
F96: Sub-Total | G96: =SUM(F93:F95) -> 3293.0234
C98: Precio unitario total aproximado al peso | G98: =ROUND((G90+G96),0) -> 13584
A100: REPUBLICA DE COLOMBIA
A101: GOBERNACION DEL ATLANTICO | D101: ANÁLISIS DE PRECIOS UNITARIOS
A104: OBRA: | F104: ESPECIFICACIÓN:
A105: ITEM: | F105: UNIDAD : | G105: M2
A106: PINTURA EN VINILO PARA MURO INTERIOR, A TRES MANOS TIPO VINILTEX
A107: I. EQUIPO
A108: Descripción | C108: Unidad | D108: Tarifa/Hr | E108: Rendimiento | F108: Valor-Total
A109: HERRAMIENTAS MENORES | C109: % S/M.0 | D109: =+G136 -> 5269.6151 | E109: 0.05 | F109: =+E109*D109 -> 263.48075
A110: JUEGO DE ANDAMIOS DE UN CUERPO | C110: DIA | D110: 3000 | E110: 0.02 | F110: =+E110*D110 -> 60
F114: Sub-Total | G114: =SUM(F109:F113) -> 323.48075
A115: II. MATERIALES EN OBRA
A116: DESCRIPCION | C116: Unidad | D116: Precio-Unit. | E116: Cantidad | F116: Valor-Unit.
A117: Vinilo | C117: Cuñete | D117: 110000 | E117: 0.054250517 | F117: =+E117*D117 -> 5967.5568
A118: DESPERDICIO | C118: % | D118: =SUM(F117:F117) -> 5967.5568 | E118: 0.05 | F118: =+E118*D118 -> 298.37784
F123: Sub-Total | G123: =SUM(F117:F122) -> 6265.9347
A124: III. TRANSPORTES
A125: Material | B125: Vol. Peso ó Cant. | C125: Distancia | D125: M3-Km | E125: Tarifa | F125: Valor-Unit.
A126: FERRETERIA - OBRA® | B126: 0.05 | C126: 5 | D126: 1500 | E126: =+D126*C126*B126 -> 375 | F126: =+E126 -> 375
F129: Sub-Total | G129: =SUM(F126:F128) -> 375
A130: IV. MANO DE OBRA
A131: Trabajador | B131: Unidad | C131: Cantidad | D131: V. Unitario. | E131: Rendimiento/dia | F131: Valor-Unit.
A132: CUADRILLA TIPO CC | B132: HH | C132: 1 | D132: 23952.796 | E132: 0.22 | F132: =+C132*D132*E132 -> 5269.6151
F136: Sub-Total | G136: =SUM(F132:F135) -> 5269.6151
D138: Total Costo Directo | G138: =G114+G123+G129+G136 -> 12234.03
A139: V. COSTOS INDIRECTOS
A140: Descripción | E140: Porcentaje | F140: Valor Total
A141: ADMINISTRACION | E141: 0.24 | F141: =++E141*G138 -> 2936.1673
A142: IMPREVISTOS | E142: 0.03 | F142: =+E142*G138 -> 367.02091
A143: UTILIDAD | E143: 0.05 | F143: =+E143*G138 -> 611.70152
...

Sheet ADICIONALES
A1: REPUBLICA DE COLOMBIA
A2: GOBERNACION DEL ATLANTICO | D2: ANÁLISIS DE PRECIOS UNITARIOS
A5: OBRA: | F5: ESPECIFICACIÓN:
A6: ITEM: | F6: UNIDAD : | G6: UND
A7: SUMINITRO E INTALACION DE AIRE ACONDICIONADO DE 12000 BTU
A8: I. EQUIPO
A9: Descripción | C9: Unidad | D9: Tarifa/Hr | E9: Rendimiento | F9: Valor-Total
A10: HERRAMIENTAS MENORES | C10: % S/M.0 | D10: =+G45 -> 600000 | E10: 0.05 | F10: =+E10*D10 -> 30000
A11: Andamio multidireccional de carga certificado T-4m | C11: DIA | D11: 55000 | E11: 2 | F11: =+E11*D11 -> 110000
F15: Sub-Total | G15: =SUM(F10:F14) -> 140000
A16: II. MATERIALES EN OBRA
A17: DESCRIPCION | C17: Unidad | D17: Precio-Unit. | E17: Cantidad | F17: Valor-Unit.
A18: Estructura metalica para Soporte de maquina | C18: und | D18: 160000 | E18: 1 | F18: =+E18*D18 -> 160000
A19: Toma corriendo doble con Polo tierra | C19: und | D19: 10600 | E19: 1 | F19: =+E19*D19 -> 10600
A20: Tubo PVC Conduit por 3m de 1/2" | C20: ml | D20: 3500 | E20: 6 | F20: =+E20*D20 -> 21000
A21: Caja plástica conduit sencilla | C21: und | D21: 2000 | E21: 1 | F21: =+E21*D21 -> 2000
A22: Limpiador PVC | C22: Gal | D22: 90488 | E22: 0.2 | F22: =+E22*D22 -> 18097.6
A23: curva en tubo conduit PVC de 1/2" | C23: UND | D23: 2000 | E23: 1 | F23: =+E23*D23 -> 2000
A24: Adaptador terminal conduit de 1/2 | C24: UND | D24: 2000 | E24: 2 | F24: =+E24*D24 -> 4000
A25: Cinta Aislante 3/4 | C25: Ml | D25: 1500 | E25: 3 | F25: =+E25*D25 -> 4500
A26: Soldadura Liq. PVC | C26: Gal | D26: 90488 | E26: 0.04 | F26: =+E26*D26 -> 3619.52
A27: Alambre de cobre aisladoTHNN No. 12 | C27: M3 | D27: 3500 | E27: 15 | F27: =+E27*D27 -> 52500
A28: Insumos para mortero 1:3, no incluye mano de obra. | C28: M3 | D28: 352592 | E28: 0.1 | F28: =+E28*D28 -> 35259.2
A29: Tuberia de cobre para aire | C29: Ml | D29: 8000 | E29: 12 | F29: =+E29*D29 -> 96000
A30: Aire acondicionada de 12000 btu marca reconocida | C30: UND | D30: 1200000 | E30: 1 | F30: =+E30*D30 -> 1200000
A31: DESPERDICIO | C31: % | D31: =SUM(F18:F30) -> 1609576.3 | E31: 0.05 | F31: =+E31*D31 -> 80478.816
F32: Sub-Total | G32: =SUM(F18:F31) -> 1690055.1
A33: III. TRANSPORTES
A34: Material | B34: Vol. Peso ó Cant. | C34: Distancia | D34: M3-Km | E34: Tarifa | F34: Valor-Unit.
A35: Ferreteria - Obra | B35: 2 | C35: 15 | D35: =B35*C35 -> 30 | E35: 1500 | F35: =E35*D35 -> 45000
F38: Sub-Total | G38: =SUM(F35:F37) -> 45000
A39: IV. MANO DE OBRA
A40: Trabajador | B40: Unidad | C40: Cantidad | D40: V. Unitario. | E40: Rendimiento/dia | F40: Valor-Unit.
A41: CUADRILLA TIPO EE | B41: HH | C41: 8 | D41: 75000 | E41: =1/C41*8 -> 1 | F41: =+C41*D41 -> 600000
F45: Sub-Total | G45: =SUM(F41:F44) -> 600000
D47: Total Costo Directo | G47: =G15+G32+G38+G45 -> 2475055.1
A48: V. COSTOS INDIRECTOS
A49: Descripción | E49: Porcentaje | F49: Valor Total
A50: ADMINISTRACION | E50: 0.24 | F50: =++E50*G47 -> 594013.23
A51: IMPREVISTOS | E51: 0.02 | F51: =+E51*G47 -> 49501.103
A52: UTILIDAD | E52: 0.04 | F52: =+E52*G47 -> 99002.205
F53: Sub-Total | G53: =SUM(F50:F52) -> 742516.54
C55: Precio unitario total aproximado al peso | G55: =ROUND((G47+G53),0) -> 3217572
A57: REPUBLICA DE COLOMBIA
A58: GOBERNACION DEL ATLANTICO | D58: ANÁLISIS DE PRECIOS UNITARIOS
A61: OBRA: | F61: ESPECIFICACIÓN:
A62: ITEM: | F62: UNIDAD : | G62: UND
A63: SUMINITRO E INTALACION DE AIRE ACONDICIONADO DE 18000 BTU
A64: I. EQUIPO
A65: Descripción | C65: Unidad | D65: Tarifa/Hr | E65: Rendimiento | F65: Valor-Total
A66: HERRAMIENTAS MENORES | C66: % S/M.0 | D66: =+G101 -> 675000 | E66: 0.05 | F66: =+E66*D66 -> 33750
A67: Andamio multidireccional de carga certificado T-4m | C67: DIA | D67: 55000 | E67: 2 | F67: =+E67*D67 -> 110000
F71: Sub-Total | G71: =SUM(F66:F70) -> 143750
A72: II. MATERIALES EN OBRA
A73: DESCRIPCION | C73: Unidad | D73: Precio-Unit. | E73: Cantidad | F73: Valor-Unit.
A74: Estructura metalica para Soporte de maquina | C74: UND | D74: 160000 | E74: 1 | F74: =+E74*D74 -> 160000
A75: Toma corriendo doble con Polo tierra | C75: UND | D75: 10600 | E75: 1 | F75: =+E75*D75 -> 10600
A76: Tubo PVC Conduit por 3m de 1/2" | C76: ML | D76: 3500 | E76: 6 | F76: =+E76*D76 -> 21000
A77: Caja plástica conduit sencilla | C77: UND | D77: 2000 | E77: 1 | F77: =+E77*D77 -> 2000
A78: Limpiador PVC | C78: GAL | D78: 90488 | E78: 0.2 | F78: =+E78*D78 -> 18097.6
A79: Curva en tubo conduit PVC de 1/2" | C79: UND | D79: 2000 | E79: 1 | F79: =+E79*D79 -> 2000
A80: Adaptador terminal conduit de 1/2 | C80: UND | D80: 2000 | E80: 2 | F80: =+E80*D80 -> 4000
A81: Cinta Aislante 3/4 | C81: Ml | D81: 1500 | E81: 3 | F81: =+E81*D81 -> 4500
A82: Soldadura Liq. PVC | C82: GAL | D82: 90488 | E82: 0.04 | F82: =+E82*D82 -> 3619.52
A83: Alambre de cobre aisladoTHNN No. 12 | C83: M3 | D83: 3500 | E83: 15 | F83: =+E83*D83 -> 52500
A84: Insumos para mortero 1:3, no incluye mano de obra. | C84: M3 | D84: 352592 | E84: 0.1 | F84: =+E84*D84 -> 35259.2
A85: Tuberia de cobre para aire | C85: Ml | D85: 8000 | E85: 15 | F85: =+E85*D85 -> 120000
A86: Aire acondicionada de 18000 btu marca reconocida | C86: UND | D86: 1800000 | E86: 1 | F86: =+E86*D86 -> 1800000
A87: DESPERDICIO | C87: % | D87: =SUM(F74:F86) -> 2233576.3 | E87: 0.05 | F87: =+E87*D87 -> 111678.82
F88: Sub-Total | G88: =SUM(F74:F87) -> 2345255.1
A89: III. TRANSPORTES
A90: Material | B90: Vol. Peso ó Cant. | C90: Distancia | D90: M3-Km | E90: Tarifa | F90: Valor-Unit.
A91: Ferreteria - Obra | B91: 2 | C91: 15 | D91: =B91*C91 -> 30 | E91: 1500 | F91: =E91*D91 -> 45000
F94: Sub-Total | G94: =SUM(F91:F93) -> 45000
A95: IV. MANO DE OBRA
A96: Trabajador | B96: Unidad | C96: Cantidad | D96: V. Unitario. | E96: Rendimiento/dia | F96: Valor-Unit.
A97: CUADRILLA TIPO EE | B97: HH | C97: 9 | D97: 75000 | E97: =1/C97*8 -> 0.88888889 | F97: =+C97*D97 -> 675000
F101: Sub-Total | G101: =SUM(F97:F100) -> 675000
D103: Total Costo Directo | G103: =G71+G88+G94+G101 -> 3209005.1
A104: V. COSTOS INDIRECTOS
A105: Descripción | E105: Porcentaje | F105: Valor Total
A106: ADMINISTRACION | E106: 0.24 | F106: =++E106*G103 -> 770161.23
A107: IMPREVISTOS | E107: 0.02 | F107: =+E107*G103 -> 64180.103
A108: UTILIDAD | E108: 0.04 | F108: =+E108*G103 -> 128360.21
F109: Sub-Total | G109: =SUM(F106:F108) -> 962701.54
C111: Precio unitario total aproximado al peso | G111: =ROUND((G103+G109),0) -> 4171707
A113: REPUBLICA DE COLOMBIA
A114: GOBERNACION DEL ATLANTICO | D114: ANÁLISIS DE PRECIOS UNITARIOS
A117: OBRA: | F117: ESPECIFICACIÓN:
A118: ITEM: | F118: UNIDAD : | G118: UND
A119: SUMINITRO E INTALACION DE AIRE ACONDICIONADO DE 24000 BTU
A120: I. EQUIPO
A121: Descripción | C121: Unidad | D121: Tarifa/Hr | E121: Rendimiento | F121: Valor-Total
A122: HERRAMIENTAS MENORES | C122: % S/M.0 | D122: =+G157 -> 750000 | E122: 0.05 | F122: =+E122*D122 -> 37500
A123: Andamio multidireccional de carga certificado T-4m | C123: DIA | D123: 55000 | E123: 4 | F123: =+E123*D123 -> 220000
F127: Sub-Total | G127: =SUM(F122:F126) -> 257500
A128: II. MATERIALES EN OBRA
A129: DESCRIPCION | C129: Unidad | D129: Precio-Unit. | E129: Cantidad | F129: Valor-Unit.
A130: Estructura metalica para Soporte de maquina | C130: UND | D130: 160000 | E130: 1 | F130: =+E130*D130 -> 160000
A131: Toma corriendo doble con Polo tierra | C131: UND | D131: 10600 | E131: 1 | F131: =+E131*D131 -> 10600
...

Sheet INSTALACIONES ELECTRICAS
A1: REPUBLICA DE COLOMBIA
A2: GOBERNACION DEL ATLANTICO | D2: ANÁLISIS DE PRECIOS UNITARIOS
A5: OBRA: | F5: ESPECIFICACIÓN:
A6: ITEM: | F6: UNIDAD : | G6: UND
A7: SALIDA PARA LUCES 110 V. INCLUYE LAMPARA LED DECORATIVA 24 VATIOS
A8: I. EQUIPO
A9: Descripción | C9: Unidad | D9: Tarifa/Hr | E9: Rendimiento | F9: Valor-Total
A10: HERRAMIENTAS MENORES | C10: % S/M.0 | D10: =+G38 -> 24465.333 | E10: 0.05 | F10: =+E10*D10 -> 1223.2667
F13: Sub-Total | G13: =SUM(F10:F12) -> 1223.2667
A14: II. MATERIALES EN OBRA
A15: Descripción | C15: Unidad | D15: Precio-Unit. | E15: Cantidad | F15: Valor-Unit.
A16: ALAMBRE Nº 12 | C16: ML | D16: 2200 | E16: 10 | F16: =+E16*D16 -> 22000
A17: TUBO CONDUIT PVC DE 1/2" | C17: ML | D17: 1500 | E17: 1.8 | F17: =+E17*D17 -> 2700
A18: CAJA SENCILLA CONDUIT 4 x 2" | C18: Unidad | D18: 1100 | E18: 1 | F18: =+E18*D18 -> 1100
A19: CURVA DE 90 C x E 1/2" | C19: Unidad | D19: 600 | E19: 2 | F19: =+E19*D19 -> 1200
A20: ADAPTADOR TERMINAL DE 1/2 | C20: Unidad | D20: 400 | E20: 2 | F20: =+E20*D20 -> 800
A21: PLAFON LED 24 VATIOS DECORATIVA | C21: Unidad | D21: 72500 | E21: 1 | F21: =+E21*D21 -> 72500
A22: SOLDADURA LIQUIDA DE 1/4" GL | C22: Unidad | D22: 54000 | E22: 0.02 | F22: =+E22*D22 -> 1080
A23: INTERRUPTOR SENCILLO LUM. | C23: Unidad | D23: 13000 | E23: 1 | F23: =+E23*D23 -> 13000
A24: DESPERDICIO | C24: % | D24: =SUM(F16:F23) -> 114380 | E24: 0.03 | F24: =+E24*D24 -> 3431.4
F25: Sub-Total | G25: =SUM(F16:F24) -> 117811.4
A26: III. TRANSPORTES
A27: Material | B27: Vol. Peso ó Cant. | C27: Distancia | D27: M3-Km | E27: Tarifa | F27: Valor-Unit.
A28: FERRETERIA - OBRA® | B28: 0.5 | C28: 5 | D28: 1500 | E28: =+D28*C28*B28 -> 3750 | F28: =+E28 -> 3750
F31: Sub-Total | G31: =SUM(F28:F30) -> 3750
A32: IV. MANO DE OBRA
A33: Trabajador | B33: Unidad | C33: Cantidad | D33: V. Unitario. | E33: Rendimiento/dia | F33: Valor-Unit.
A34: CUADRILLA TIPO BB | B34: HH | C34: 0.80232511 | D34: 30493.042 | E34: =1/C34*8 -> 9.9710203 | F34: =+C34*D34 -> 24465.333
F38: Sub-Total | G38: =SUM(F34:F37) -> 24465.333
D40: Total Costo Directo | G40: =G13+G25+G31+G38 -> 147250
A41: Descripción | E41: Porcentaje | F41: Valor Total
A42: ADMINISTRACION | E42: 0.24 | F42: =++E42*G40 -> 35340
A43: IMPREVISTOS | E43: 0.03 | F43: =+E43*G40 -> 4417.5
A44: UTILIDAD | E44: 0.05 | F44: =+E44*G40 -> 7362.5
F45: Sub-Total | G45: =SUM(F42:F44) -> 47120
C47: Precio unitario total aproximado al peso | G47: =G40+G45 -> 194370
A49: REPUBLICA DE COLOMBIA
A50: GOBERNACION DEL ATLANTICO | D50: ANÁLISIS DE PRECIOS UNITARIOS
A53: OBRA: | F53: ESPECIFICACIÓN:
A54: ITEM: | F54: UNIDAD : | G54: UND
A55: SALIDA PARA ILUMINACION SIMPLE 15 AMP Y 127V INCLUYE INTERRUPTOR DOBLE CAJA RECTANGULAR EN TERMOPLASTICO DIELECTRICO, CON CONEXIÓN A RED DE PUESTA A TIERRA EN VARILLA COPERWEEILL Y ALAMBRE COBRE VESTIDO, Nº 12
A56: I. EQUIPO
A57: Descripción | C57: Unidad | D57: Tarifa/Hr | E57: Rendimiento | F57: Valor-Total
A58: HERRAMIENTAS MENORES | C58: % S/M.0 | D58: =+G86 -> 25600 | E58: 0.05 | F58: =+E58*D58 -> 1280
F61: Sub-Total | G61: =SUM(F58:F60) -> 1280
A62: II. MATERIALES EN OBRA
A63: Descripción | C63: Unidad | D63: Precio-Unit. | E63: Cantidad | F63: Valor-Unit.
A64: ALAMBRE Nº 12 | C64: ML | D64: 2200 | E64: 10 | F64: =+E64*D64 -> 22000
A65: TUBO CONDUIT PVC DE 1/2" | C65: ML | D65: 1500 | E65: 1.8 | F65: =+E65*D65 -> 2700
A66: CAJA SENCILLA CONDUIT 4 x 2" | C66: Unidad | D66: 1100 | E66: 1 | F66: =+E66*D66 -> 1100
A67: CURVA DE 90 C x E 1/2" | C67: Unidad | D67: 900 | E67: 2 | F67: =+E67*D67 -> 1800
A68: ADAPTADOR TERMINAL DE 1/2 | C68: Unidad | D68: 200 | E68: 2 | F68: =+E68*D68 -> 400
A69: PLAFON PARA ALUMBRADO | C69: Unidad | D69: 2093 | E69: 1 | F69: =+E69*D69 -> 2093
A70: SOLDADURA LIQUIDA DE 1/4" GL | C70: Unidad | D70: 43600 | E70: 0.02 | F70: =+E70*D70 -> 872
A71: INTERRUPTOR DOBLE LUZ PILOTO | C71: Unidad | D71: 15000 | E71: 1 | F71: =+E71*D71 -> 15000
A72: DESPERDICIO | C72: % | D72: 34674 | E72: 0.03 | F72: =+E72*D72 -> 1040.22
F73: Sub-Total | G73: =SUM(F64:F72) -> 47005.22
A74: III. TRANSPORTES
A75: Material | B75: Vol. Peso ó Cant. | C75: Distancia | D75: M3-Km | E75: Tarifa | F75: Valor-Unit.
A76: FERRETERIA - OBRA® | B76: 1 | C76: =+[1]Otros!C62 -> 0 | D76: =+[1]Equipo!C156 -> 0 | E76: =+D76*C76*B76 -> 0 | F76: 1500
F79: Sub-Total | G79: =SUM(F76:F78) -> 1500
A80: IV. MANO DE OBRA
A81: Trabajador | B81: Unidad | C81: Cantidad | D81: V. Unitario. | E81: Rendimiento/dia | F81: Valor-Unit.
A82: CUADRILLA TIPO BB | B82: HH | C82: 0.8 | D82: 32000 | E82: 10 | F82: =+C82*D82 -> 25600
F86: Sub-Total | G86: =SUM(F82:F85) -> 25600
D88: Total Costo Directo | G88: =G61+G73+G79+G86 -> 75385.22
A96: REPUBLICA DE COLOMBIA
A97: GOBERNACION DEL ATLANTICO | D97: ANÁLISIS DE PRECIOS UNITARIOS
A100: OBRA: | F100: ESPECIFICACIÓN:
A101: ITEM: | F101: UNIDAD : | G101: UND
A102: SALIDA PARA TOMACORRIENTE DOBLE INCLUYE TOMACORRIENTE DOBLE DE 15 AMP Y 127V
A103: I. EQUIPO
A104: Descripción | C104: Unidad | D104: Tarifa/Hr | E104: Rendimiento | F104: Valor-Total
A105: HERRAMIENTAS MENORES | C105: % S/M.0 | D105: =+G132 -> 30553.135 | E105: 0.05 | F105: =+E105*D105 -> 1527.6568
F108: Sub-Total | G108: =SUM(F105:F107) -> 1527.6568
A109: II. MATERIALES EN OBRA
A110: Descripción | C110: Unidad | D110: Precio-Unit. | E110: Cantidad | F110: Valor-Unit.
A111: ALAMBRE Nº 12 | C111: ML | D111: 2200 | E111: 10 | F111: =+E111*D111 -> 22000
A112: TUBO CONDUIT PVC DE 1/2" | C112: ML | D112: 1500 | E112: 1.8 | F112: =+E112*D112 -> 2700
A113: CAJA SENCILLA CONDUIT 4 x 2" | C113: Unidad | D113: 1100 | E113: 1 | F113: =+E113*D113 -> 1100
A114: CURVA DE 90 C x E 1/2" | C114: Unidad | D114: 900 | E114: 2 | F114: =+E114*D114 -> 1800
A115: ADAPTADOR TERMINAL DE 1/2 | C115: Unidad | D115: 200 | E115: 2 | F115: =+E115*D115 -> 400
A116: SOLDADURA LIQUIDA DE 1/4" GL | C116: Unidad | D116: 43600 | E116: 0.02 | F116: =+E116*D116 -> 872
A117: TOMA DOBLE LUMINEX | C117: Unidad | D117: 12000 | E117: 1 | F117: =+E117*D117 -> 12000
A118: DESPERDICIO | C118: % | D118: =SUM(F111:F117) -> 40872 | E118: 0.03 | F118: =+E118*D118 -> 1226.16
F119: Sub-Total | G119: =SUM(F111:F118) -> 42098.16
A120: III. TRANSPORTES
A121: Material | B121: Vol. Peso ó Cant. | C121: Distancia | D121: M3-Km | E121: Tarifa | F121: Valor-Unit.
A122: FERRETERIA - OBRA® | B122: 1 | C122: 5 | D122: 1500 | E122: =+D122*C122*B122 -> 7500 | F122: =+E122 -> 7500
F125: Sub-Total | G125: =SUM(F122:F124) -> 7500
A126: IV. MANO DE OBRA
A127: Trabajador | B127: Unidad | C127: Cantidad | D127: V. Unitario. | E127: Rendimiento/dia | F127: Valor-Unit.
A128: CUADRILLA TIPO BB | B128: HH | C128: 1.0019707 | D128: 30493.042 | E128: =1/C128*8 -> 7.9842652 | F128: =+C128*D128 -> 30553.135
F132: Sub-Total | G132: =SUM(F128:F131) -> 30553.135
D134: Total Costo Directo | G134: =G108+G119+G125+G132 -> 81678.952
A135: V. COSTOS INDIRECTOS
A136: Descripción | E136: Porcentaje | F136: Valor Total
A137: ADMINISTRACION | E137: 0.24 | F137: =++E137*G134 -> 19602.948
A138: IMPREVISTOS | E138: 0.03 | F138: =+E138*G134 -> 2450.3686
A139: UTILIDAD | E139: 0.05 | F139: =+E139*G134 -> 4083.9476
...

Sheet CANTIDADES
A1: EPOXICA | F1: PINTURA VINILO | K1: CIELO RASO | O1: PULIPLAST | T1: DEMOLICION DE ENCHAPE | Y1: DESMONTE DE CIELO RASO | AC1: LAMINA VENTANA | AG1: MURO TUBERIA AIRE | AK1: FILOS
A2: VIROLOGIA | F2: VIROLOGIA | K2: CAMBIO DE LAMINA PASILLO | O2: INSECTARIO | T2: INSECTARIO | Y2: INSECTARIO | AC2: PASILLO CUARTOS | AG2: CUARTO DEL OLVIDO 1 | AK2: CUARTO DEL OLVIDO
A3: 3.25 | B3: 2.45 | C3: 2 | D3: =+A3*B3*C3 -> 15.925 | F3: 1.52 | G3: 2.45 | H3: =+F3*G3 -> 3.724 | K3: 1.22 | L3: 2.44 | M3: =+K3*L3 -> 2.9768 | O3: 1.86 | P3: 2.37 | Q3: =+O3*P3 -> 4.4082 | T3: 2.68 | U3: 1.5 | V3: 2 | W3: =+T3*U3*V3 -> 8.04 | Y3: 2.68 | Z3: 2.5 | AA3: =+Y3*Z3 -> 6.7 | AC3: 2 | AD3: 1 | AE3: =+AC3*AD3 -> 2 | AG3: 0.7 | AH3: 0.44 | AI3: =+AG3+AH3 -> 1.14 | AJ3: ML | AK3: 2 | AL3: 2 | AM3: 1 | AN3: =+AK3+AL3+AM3 -> 5
A4: 3.2 | B4: 2.45 | D4: =+A4*B4 -> 7.84 | F4: 2.22 | G4: 2.45 | H4: =+F4*G4 -> 5.439 | O4: 1 | P4: 0.46 | Q4: =+O4*P4 -> 0.46 | T4: 2.5 | U4: 1.5 | V4: 2 | W4: =+T4*U4*V4 -> 7.5 | Y4: PASILLO LABORATORIOS | AC4: 1 | AD4: 1.5 | AE4: 1.5 | AG4: CUARTO DEL OLVIDO 2 | AK4: 2 | AL4: 2 | AM4: 1 | AN4: =+AK4+AL4+AM4 -> 5
A5: 6 | B5: 2.45 | D5: =+A5*B5 -> 14.7 | F5: 2.66 | G5: 2.45 | H5: =+F5*G5 -> 6.517 | K5: INSECTARIO | O5: 5.5 | P5: 2.37 | Q5: =+O5*P5 -> 13.035 | W5: =SUM(W3:W4) -> 15.54 | Y5: 1.22 | Z5: 2.44 | AA5: =+Y5*Z5 -> 2.9768 | AE5: =SUM(AE3:AE4) -> 3.5 | AG5: 2.38 | AH5: 2 | AI5: =+AG5*AH5 -> 4.76 | AJ5: ML | AN5: =SUM(AN3:AN4) -> 10
A6: 1 | B6: 0.5 | D6: =+A6*B6 -> 0.5 | H6: =SUM(H3:H5) -> 15.68 | K6: 2.68 | L6: 2.5 | M6: =+K6*L6 -> 6.7 | O6: 1.14 | P6: 1.96 | Q6: =+O6*P6 -> 2.2344 | T6: ENTOMOLOGIA | AG6: PASILLO ENTOMOLOGIA E INSECTARIO
A7: 1.04 | B7: 2.45 | D7: =+A7*B7 -> 2.548 | F7: VANO | K7: PASILLO CUARTOS DEL OLVIDO | O7: 1.96 | P7: 0.46 | Q7: =+O7*P7 -> 0.9016 | T7: 5.43 | U7: 1.5 | W7: =+T7*U7 -> 8.145 | AA7: =+AA3+AA5 -> 9.6768 | AG7: 7.5 | AH7: 2 | AI7: =+AG7*AH7 -> 15 | AJ7: ML | AK7: INSTALACION DE CAJAS
D8: =SUM(D3:D7) -> 41.513 | F8: 1.97 | G8: 0.78 | H8: =+F8*G8 -> 1.5366 | K8: 11.92 | L8: 1.27 | M8: =+K8*L8 -> 15.1384 | Q8: =SUM(Q3:Q7) -> 21.0392 | T8: 4.44 | U8: 0.5 | W8: =+T8*U8 -> 2.22 | AK8: 0.6 | AL8: 0.6 | AM8: 0.4 | AN8: 0.4 | AO8: =+AK8+AL8+AM8+AN8 -> 2
A9: CIELO RASO | H9: =+H6-H8 -> 14.1434 | T9: 2.38 | U9: 1.5 | V9: 2 | W9: =+T9*U9*V9 -> 7.14 | AI9: =+AI3+AI5+AI7 -> 20.9 | AK9: 0.4 | AL9: 0.4 | AM9: 0.4 | AN9: 0.4 | AO9: =+AK9+AL9+AM9+AN9 -> 1.6
A10: 3.25 | B10: 3.2 | D10: =+A10*B10 -> 10.4 | K10: CUARTO DEL OLVIDO 1 | O10: PASILLO | W10: =SUM(W7:W9) -> 17.505 | AO10: =SUM(AO8:AO9) -> 3.6
D11: =SUM(D8:D10) -> 51.913 | F11: 3.2 | G11: 1.04 | H11: =+F11*G11 -> 3.328 | K11: 5.43 | L11: 2.39 | M11: =+K11*L11 -> 12.9777 | O11: 14.1 | P11: 2.44 | Q11: =+O11*P11 -> 34.404
A12: INSECTARIO | F12: 4.3 | G12: 0.92 | H12: =+F12*G12 -> 3.956 | O12: 9.8 | P12: 2.3 | Q12: 22.54 | T12: CUARTO DEL OLVIDO 1 | AO12: =+AN5+AO10 -> 13.6
A13: 1.86 | B13: 2.37 | C13: =+A13*B13 -> 4.4082 | F13: 1.52 | G13: 2.22 | H13: =+F13*G13 -> 3.3744 | K13: CUARTO DEL OLVIDO 2 | Q13: =SUM(Q11:Q12) -> 56.944 | T13: 5.43 | U13: 1.5 | V13: =+T13*U13 -> 8.145
A14: 1 | B14: 0.46 | C14: =+A14*B14 -> 0.46 | F14: 2.66 | G14: 2.22 | H14: =+F14*G14 -> 5.9052 | K14: 5.43 | L14: 1.82 | M14: =+K14*L14 -> 9.8826 | T14: 4.44 | U14: 1.5 | V14: =+T14*U14 -> 6.66
A15: 5.5 | B15: 2.37 | C15: =+A15*B15 -> 13.035 | H15: =SUM(H11:H14) -> 16.5636 | O15: VANO | Q15: 2.8 | T15: 2.39 | U15: 1.5 | V15: =+T15*U15 -> 3.585
A16: 1.14 | B16: 1.96 | C16: =+A16*B16 -> 2.2344 | M16: =+M3+M6+M8+M11+M14 -> 47.6755 | Q16: =+Q13-Q15 -> 54.144 | T16: 2.39 | U16: 1.5 | V16: =+T16*U16 -> 3.585
A17: 1.96 | B17: 0.46 | C17: =+A17*B17 -> 0.9016 | F17: VESTIER | V17: =SUM(V13:V16) -> 21.975
C18: =SUM(C13:C17) -> 21.0392 | F18: 2.64 | G18: 2.36 | H18: =+F18*G18 -> 6.2304 | O18: ENTOMOLOGIA
F19: 2.87 | G19: 2.36 | H19: =+F19*G19 -> 6.7732 | K19: OBSERVACION: | O19: 2.42 | P19: 3 | Q19: 2 | R19: =+O19*P19*Q19 -> 14.52 | T19: CUARTO DEL OLVIDO 2
A20: CIELO RASO INSECTARIO | H20: =SUM(H18:H19) -> 13.0036 | K20: FALTARIA INCLUIR ARREGLO DE CIELO RASO | O20: 2.3 | P20: 3 | Q20: 2 | R20: 13.8 | T20: 5.43 | U20: 1.5 | V20: 2 | W20: =+T20*U20*V20 -> 16.29
A21: 2.68 | B21: 2.5 | C21: =+A21*B21 -> 6.7 | F21: CIELO RASO | K21: CONSISTENTE EN TAPE DE HUECOS POR CAMBIO | R21: =SUM(R19:R20) -> 28.32 | T21: 1.82 | U21: 1.5 | V21: 2 | W21: 5.46
C22: =+C18+C21 -> 27.7392 | F22: 2 | G22: 3.24 | H22: =+F22*G22 -> 6.48 | K22: POSICION DE LAMPARAS Y REJILLAS DE AA | O22: VANO | R22: 6.79 | W22: =SUM(W20:W21) -> 21.75
F23: 0.94 | G23: 1.5 | H23: =+F23*G23 -> 1.41 | R23: =+R21-R22 -> 21.53
A24: ENTOMOLOGIA | F24: 2.4 | G24: 2.64 | H24: =+F24*G24 -> 6.336
A25: 2.42 | B25: 3 | C25: 2 | D25: =+A25*B25*C25 -> 14.52 | H25: =SUM(H22:H24) -> 14.226 | O25: PASILLO CUARTOS DEL OLVIDO | W25: =+W5+W10+V17+W22 -> 76.77
A26: 2.3 | B26: 3 | C26: 2 | D26: 13.8 | F26: PASILLO LABORATORIOS | O26: 11.92 | P26: 2.38 | Q26: =+O26*P26 -> 28.3696
D27: =SUM(D25:D26) -> 28.32 | F27: 2.39 | G27: 1.2 | H27: =+F27*G27 -> 2.868 | O27: 11.92 | P27: 2.38 | Q27: =+O27*P27 -> 28.3696
A28: CIELO RASO | F28: 2.12 | G28: 0.48 | H28: =+F28*G28 -> 1.0176 | Q28: =SUM(Q26:Q27) -> 56.7392
A29: 3 | B29: 3 | D29: =+A29*B29 -> 9 | F29: 1.16 | G29: 2.39 | H29: =+F29*G29 -> 2.7724 | O29: VANOS
D30: =+D27+D29 -> 37.32 | F30: 2.39 | G30: 0.81 | H30: =+F30*G30 -> 1.9359 | O30: 2 | P30: 1 | Q30: =+O30*P30 -> 2
F31: 0.69 | G31: 0.48 | H31: =+F31*G31 -> 0.3312 | O31: 2 | P31: 1 | Q31: =+O31*P31 -> 2
A32: VANO | F32: 0.94 | G32: 2.39 | H32: =+F32*G32 -> 2.2466 | O32: 1.47 | P32: 1 | Q32: =+O32*P32 -> 1.47
A33: 0.79 | B33: 1 | D33: =+A33*B33 -> 0.79 | F33: 3.62 | G33: 2.39 | H33: =+F33*G33 -> 8.6518 | O33: 1 | P33: 1 | Q33: =+O33*P33 -> 1
A34: 2 | B34: 1 | D34: =+A34*B34 -> 2 | F34: 1.37 | G34: 0.48 | H34: =+F34*G34 -> 0.6576 | O34: 2 | P34: 1 | Q34: =+O34*P34 -> 2
A35: 2 | B35: 2 | D35: =+A35*B35 -> 4 | F35: 2.02 | G35: 2.39 | H35: =+F35*G35 -> 4.8278 | O35: 2 | P35: 1 | Q35: =+O35*P35 -> 2
D36: =SUM(D33:D35) -> 6.79 | F36: 0.96 | G36: 0.48 | H36: =+F36*G36 -> 0.4608 | Q36: =SUM(Q30:Q35) -> 10.47
F37: 0.98 | G37: 2.39 | H37: =+F37*G37 -> 2.3422
D38: =+D30-D36 -> 30.53 | F38: 1.37 | G38: 0.48 | H38: =+F38*G38 -> 0.6576 | Q38: =+Q28-Q36 -> 46.2692
H39: =SUM(H27:H38) -> 28.7695
F40: CIELO RASO | O40: CUARTO DEL OLVIDO 1
D41: =+D11+C22+D38 -> 110.1822 | F41: 2 | G41: 3.24 | H41: =+F41*G41 -> 6.48 | O41: 5.43 | P41: 2.38 | Q41: =+O41*P41 -> 12.9234
F42: 0.94 | G42: 1.5 | H42: =+F42*G42 -> 1.41 | O42: 5.43 | P42: 1.56 | Q42: =+O42*P42 -> 8.4708
F43: 2.4 | G43: 2.64 | H43: =+F43*G43 -> 6.336 | O43: 2.39 | P43: 2.38 | Q43: =+O43*P43 -> 5.6882
H44: =SUM(H41:H43) -> 14.226 | O44: 2.39 | P44: 2.38 | Q44: =+O44*P44 -> 5.6882
Q45: =SUM(Q41:Q44) -> 32.7706
F46: GARITA
F47: TECHO | O47: CUARTO DEL OLVIDO 2
F48: 3.6 | G48: 4.58 | H48: =+F48*G48 -> 16.488 | O48: 5.43 | P48: 2.38 | Q48: 2 | R48: =+O48*P48*Q48 -> 25.8468
F49: 0.69 | G49: 2.62 | H49: =+F49*G49 -> 1.8078 | O49: 1.82 | P49: 2.38 | Q49: 2 | R49: =+O49*P49*Q49 -> 8.6632
F50: 7.25 | G50: 1.2 | H50: =+F50*G50 -> 8.7 | R50: =SUM(R48:R49) -> 34.51
F51: 0.47 | G51: 4.55 | H51: =+F51*G51 -> 2.1385
F52: 0.9 | G52: 3.83 | H52: =+F52*G52 -> 3.447
F53: 3.5 | G53: 0.28 | H53: =+F53*G53 -> 0.98 | Q53: =+Q8+Q16+R23+Q38+Q45+R50 -> 210.263
F54: MUROS
F55: 3.7 | G55: 2.46 | H55: =+F55*G55 -> 9.102
F56: 4.5 | G56: 2.46 | H56: =+F56*G56 -> 11.07
F57: 3.92 | G57: 2.46 | H57: =+F57*G57 -> 9.6432
F58: 4.9 | G58: 2.46 | H58: =+F58*G58 -> 12.054
F59: 1.23 | G59: 2.46 | H59: =+F59*G59 -> 3.0258
F60: 11.52 | G60: 2.7 | H60: =+F60*G60 -> 31.104
F61: 0.6 | G61: 1 | H61: =+F61*G61 -> 0.6
F62: 3.96 | G62: 2.7 | H62: =+F62*G62 -> 10.692
F63: 0.6 | G63: 3.83 | H63: =+F63*G63 -> 2.298
F64: 0.6 | G64: 3.5 | H64: =+F64*G64 -> 2.1
F65: 7.25 | G65: 0.6 | H65: =+F65*G65 -> 4.35
F66: 4.55 | G66: 0.6 | H66: =+F66*G66 -> 2.73
H67: =SUM(H48:H66) -> 132.3303
F68: VANOS
F69: 2.63 | G69: 1.4 | H69: 2 | I69: =+F69*G69*H69 -> 7.364
F70: 1.64 | G70: 1.4 | H70: 2 | I70: =+F70*G70*H70 -> 4.592
F71: 1 | G71: 2.15 | H71: 2 | I71: =+F71*G71*H71 -> 4.3
F72: 0.77 | G72: 2.18 | I72: =+F72*G72 -> 1.6786
F73: 0.82 | G73: 2.2 | I73: =+F73*G73 -> 1.804
F74: 0.62 | G74: 2.2 | I74: =+F74*G74 -> 1.364
F75: 1.69 | G75: 2.17 | I75: =+F75*G75 -> 3.6673
F76: 2.43 | G76: 1.4 | H76: 2 | I76: =+F76*G76*2 -> 6.804
I77: =SUM(I69:I76) -> 31.5739
H78: =+H67-I77 -> 100.7564
F80: PASILLO ENTOMOLOGIA E INSECTARIO
F81: 14.1 | G81: 2.44 | H81: =+F81*G81 -> 34.404
F82: 9.8 | G82: 2.3 | H82: =+F82*G82 -> 22.54
H83: =SUM(H81:H82) -> 56.944
F85: CIELO RASO
F86: 13.1 | G86: 1.57 | H86: =+F86*G86 -> 20.567
F88: VANO
F89: 1.4 | G89: 2 | H89: 2.8
H91: =+H83+H86-H89 -> 74.711
F93: PASILLO CUARTOS DEL OLVIDO
F94: 11.92 | G94: 2.38 | H94: =+F94*G94 -> 28.3696
F95: 11.92 | G95: 2.38 | H95: =+F95*G95 -> 28.3696
H96: =SUM(H94:H95) -> 56.7392
F97: VANOS
F98: 2 | G98: 1 | H98: =+F98*G98 -> 2
F99: 2 | G99: 1 | H99: =+F99*G99 -> 2
F100: 1.47 | G100: 1 | H100: =+F100*G100 -> 1.47
F101: 1 | G101: 1 | H101: =+F101*G101 -> 1
F102: 2 | G102: 1 | H102: =+F102*G102 -> 2
F103: 2 | G103: 1 | H103: =+F103*G103 -> 2
H104: =SUM(H98:H103) -> 10.47
H106: =+H96-H104 -> 46.2692
...

Sheet PARTE ELECTRICA
B1: VIROLOGIA | C1: VESTIER | D1: PASILLO VIROLOGIA | E1: INSECTARIO | F1: ENTOMOLOGIA | G1: CIRCUITO VIROLOGIA INSECTARIO ENTOMOLOGIA | H1: PASILLO CUARTO OLVIDO | I1: CUARTO DEL OLVIDO 1 | J1: TOTAL
A2: DESMONTE DE LAMPARAS, TOMACORRIENTES E INTERRUPTORES | B2: =6+B6 -> 7 | C2: 1 | E2: =2+3+3 -> 8 | F2: =4+4+F6 -> 9 | J2: =+B2+C2+E2+F2 -> 25
A3: SALIDA DE LAMPARAS | B3: 13 | E3: 4 | F3: 4 | H3: 3 | I3: 6 | J3: =+SUM(B3:I3) -> 30
A4: INSTALACION DE LAMPARAS | C4: 1 | D4: 3 | J4: =+SUM(B4:I4) -> 4
A5: PUNTO ELECTRICO DE 220 V | B5: 3 | E5: 1 | J5: =+SUM(B5:I5) -> 4
A6: SUMINISTRO E INSTALACION DE INTERRUPTOR | B6: 1 | F6: 1 | J6: =+SUM(B6:I6) -> 2
A7: PUNTO ELECTRICO DE 110 PARA TOMACORRIENTES | E7: =2+5 -> 7 | F7: 4 | I7: 10 | J7: =+SUM(B7:I7) -> 21
A8: SUMINISTRO E INSTALACION DE TABLERO CON TOTALIZADOR DE 12 CIRCUITOS | G8: 1 | I8: 1 | J8: =+SUM(B8:I8) -> 2
A9: ACOMETIDA ELECTRICA CABLE No 8 | G9: 16 | I9: 24 | J9: =+SUM(B9:I9) -> 40
